 Dungeon Crawl Stone Soup version 0.19.1 (webtiles) character file.

9384 Haldmier the Conjurer (level 11, -2/80 HPs)
             Began as a Mummy Wizard on Nov 28, 2016.
             Was an Initiate of Gozag.
             Shot with an arrow by a centaur (6 damage)
             ... on level 2 of the Orcish Mines.
             The game lasted 01:35:54 (17567 turns).

Haldmier the Conjurer (Mummy Wizard)               Turns: 17567, Time: 01:35:55

Health: -2/80      AC:  9    Str: 11    XL:     11   Next: 22%
Magic:  5/20       EV: 14    Int: 21    God:    Gozag
Gold:   2435       SH:  0    Dex: 10    Spells: 6 memorised, 5 levels left

rFire  x . .     SeeInvis .     v - +2 spear (venom)
rCold  + . .     Gourm    .     a - +0 robe
rNeg   + + +     Faith    .     (no shield)
rPois  ∞         Spirit   .     k - +2 helmet
rElec  .         Reflect  .     n - +0 cloak
rCorr  .         Harm     .     d - +0 pair of gloves
MR     +....                    l - +1 pair of boots
Stlth  +++.......               (no amulet)
                                (no ring)
                                (no ring)

@: gold aura
A: no food or potions, fire vulnerability, cold resistance 1, negative energy
resistance 3, torment resistance, unbreathing
a: Potion Petition, Call Merchant, Bribe Branch, Renounce Religion


You were on level 2 of the Orcish Mines.
You worshipped Gozag.
Gozag was most pleased with you.
You were not hungry.

You visited 4 branches of the dungeon, and saw 14 of its levels.

You collected 2496 gold pieces.
You paid 61 gold pieces to Gozag.

Inventory:

Hand Weapons
 f - a +1 halberd of chopping
 g - a +0 blowgun
 r - a +3 dire flail of protection
 v - a +2 spear of venom (weapon)
 B - a +3 rapier of electrocution
 D - a +1 war axe of draining
 E - a +0 long sword of draining
Missiles
 e - a throwing net
 o - 15 curare-tipped needles
 t - 64 poisoned needles
 u - 34 tomahawks (quivered)
Armour
 a - a +0 robe (worn)
 d - a +0 pair of gloves (worn)
 k - a +2 helmet (worn)
 l - a +1 pair of boots (worn)
 n - a +0 cloak (worn)
Wands
 b - a wand of flame (33/48)
 q - a wand of disintegration (10/24)
 y - a wand of lightning (7/15)
 C - a wand of flame (46/48)
Scrolls
 h - 2 scrolls of fear
 i - 7 scrolls of remove curse
 j - a scroll of enchant armour {unknown}
 p - 2 scrolls of magic mapping
 s - 2 scrolls of enchant weapon
 w - a scroll of amnesia {unknown}
 x - 2 scrolls of fog
 z - a scroll of blinking
 H - a scroll of identify
Books
 c - a book of Minor Magic

   Spells                             Type                      Level
   a - Magic Dart                     Conjuration                  1
   b - Blink                          Translocation                2
   c - Call Imp                       Summoning                    2
   d - Repel Missiles                 Charms/Air                   2
   e - Slow                           Hexes                        2
   f - Conjure Flame                  Conjuration/Fire             3
   g - Mephitic Cloud                 Conjuration/Poison/Air       3
 A - a book of Cantrips

   Spells                             Type                      Level
   a - Confusing Touch                Hexes                        1
   b - Animate Skeleton               Necromancy                   1
   c - Summon Small Mammal            Summoning                    1
   d - Apportation                    Translocation                1
 F - a book of Clouds

   Spells                             Type                      Level
   a - Mephitic Cloud                 Conjuration/Poison/Air       3
   b - Conjure Flame                  Conjuration/Fire             3
   c - Poisonous Cloud                Conjuration/Poison/Air       6
   d - Freezing Cloud                 Conjuration/Ice/Air          6
   e - Ring of Flames                 Charms/Fire                  7


   Skills:
 + Level 5.2 Fighting
 - Level 5.0 Dodging
 + Level 5.2 Stealth
 - Level 6.0 Spellcasting
 - Level 6.0 Conjurations
 - Level 4.1 Summonings
 - Level 3.0 Translocations
 - Level 4.0 Fire Magic
 * Level 3.5 Ice Magic
 - Level 4.0 Air Magic
 - Level 4.0 Poison Magic


You had 5 spell levels left.
You knew the following spells:

 Your Spells              Type           Power        Failure   Level  Hunger
a - Magic Dart            Conj           ####         1%          1    N/A
b - Blink                 Tloc           N/A          4%          2    N/A
c - Call Imp              Summ           ###.....     2%          2    N/A
d - Conjure Flame         Conj/Fire      ####....     3%          3    N/A
e - Mephitic Cloud        Conj/Pois/Air  ####....     4%          3    N/A
f - Freezing Cloud        Conj/Ice/Air   ####......   99%         6    N/A

Dungeon Overview and Level Annotations

Branches:
Dungeon (10/15)            Temple (1/1) D:4            Lair (1/6) D:9
    Orc (2/2) D:10            Elf (0/3) Orc:2

Altars:
Ashenzari
Cheibriados
Dithmenos
Elyvilon
Fedhas
Gozag
Hepliaklqana
Kikubaaqudgha
Makhleb
Nemelex Xobeh
Okawaru
Qazlal
Ru
Sif Muna
Trog
Uskayaw
Vehumet
Xom
Yredelemnul
Zin
The Shining One

Shops:
D:5 [   Orc:1 %(!%=

Annotations:
D:4 Duskembrace's ghost, amateur DEFE
D:6 Crsystal room, Quirk's ghost, novice MiFi


Innate Abilities, Weirdness & Mutations

You do not eat or drink.
Your flesh is vulnerable to fire.
You are immune to poison.
Your flesh is cold resistant. (rC+)
You are immune to negative energy. (rN+++)
You are immune to unholy pain and torment.
You can survive without breathing.


Message History

The centaur unwields an uncursed shortbow.
The centaur hits the orc warrior but does no damage.
The orc warrior is engulfed in noxious fumes.
The orc warrior appears confused.
The orc warrior hits something with a scimitar!!
Something completely misses the orc warrior.
Something hits the orc warrior.
You now have 4/20 mp.
Attack whom?
Press: ? - help, Dir - move target cursor, f - orc warrior, p - centaur
Aim: an orc warrior, wielding a scimitar and wearing a plate armour (lightly wounded, confused)
You reach to attack!
You hit the orc warrior.
The orc warrior is poisoned.
The orc warrior is moderately wounded.
Your surroundings suddenly seem different.
Found 20 gold pieces.
An orc and a centaur come into view.
The orc shouts!
The centaur shouts!
You hear a shout! x2
The centaur wields a shortbow.
The centaur shoots an arrow.
The arrow hits you.
You die...
Your body crumbles into a pile of gold.

**,,,,,**,,,,,***,*,,,,,
*,...,*,**$,,,*,,,,,,,,$
**,...,,,,,,.#.,,,,,$,,,
***..,,,,,.....,,,,,,,,
##,#.#*,*,.....,,,,,,,,
#..,o.***......,,,,,,,,
##..,.###....c.,,,,,,,,
#....#.#.......,,,,,,,,
*#.#..@.#.$....$,,,,,,,
*#......#,*$,,,,,,,,,,
##....#......,<,,,,,,
##.###*.#..#,*,,,,,* ##*
**#**#********


You could see a centaur and an orc.

Vanquished Creatures
  An orc sorcerer (Orc:2)
  An ugly thing (D:7)
  A komodo dragon (D:9)
  A troll (Orc:1)
  A merfolk (D:9)
  2 hippogriffs
  2 wyverns (D:10)
  6 yaks (D:10)
  Eustachio (D:4)
  A hungry ghost (D:9)
  Edmund (D:3)
  Duvessa (D:7)
  A water moccasin (D:8)
  4 ice beasts
  2 phantoms
  3 sky beasts
  2 black bears
  10 orc warriors
  2 ogres
  7 centaurs
  A crocodile (D:9)
  3 big kobolds
  10 bullfrogs
  A wyvern zombie (D:10)
  A wyvern skeleton (D:7)
  2 scorpions (D:9)
  Dowan (D:7)
  A howler monkey (D:10)
  12 killer bees
  2 crimson imps
  2 quasits
  2 jellies
  A centaur skeleton (D:4)
  8 orc priests
  Crazy Yiuf (D:7)
  2 hounds
  A bullfrog skeleton (D:10)
  9 orc wizards
  4 iguanas
  8 worker ants
  9 gnolls
  12 adders
  2 shadow imps
  An adder skeleton (D:8)
  A worm (D:4)
  4 dart slugs
  6 leopard geckos
  42 orcs
  9 giant cockroaches
  10 goblins
  12 hobgoblins
  18 jackals
  2 quokkas
  2 ball pythons
  7 bats
  4 frilled lizards
  25 kobolds
  A leopard gecko skeleton (D:4)
  A quokka skeleton (D:4)
  6 rats
  A plant (D:9)
297 creatures vanquished.

Vanquished Creatures (collateral kills)
  A jackal (D:2)
1 creature vanquished.

Vanquished Creatures (others)
  2 plants (D:9)
2 creatures vanquished.

Grand Total: 300 creatures vanquished

Notes
Turn   | Place    | Note
-------+----------+-------------------------------------------
     0 | D:1      | Haldmier the Mummy Wizard began the quest for the Orb.
     0 | D:1      | Reached XP level 1. HP: 13/13 MP: 4/4
    32 | D:1      | Reached skill level 1 in Conjurations
   455 | D:1      | Reached XP level 2. HP: 19/19 MP: 0/6
   553 | D:1      | Learned a level 2 spell: Blink
   556 | D:1      | Learned a level 2 spell: Call Imp
  1289 | D:1      | Reached XP level 3. HP: 24/24 MP: 0/7
  2175 | D:2      | Learned a level 3 spell: Conjure Flame
  2235 | D:2      | Reached skill level 1 in Translocations
  2256 | D:2      | Reached XP level 4. HP: 23/30 MP: 1/8
  2560 | D:2      | Found an iron altar of Okawaru.
  2574 | D:2      | Reached skill level 1 in Summonings
  4012 | D:3      | Noticed a bullfrog
  4018 | D:3      | Killed a bullfrog
  4018 | D:3      | Reached skill level 1 in Fire Magic
  4018 | D:3      | Reached XP level 5. HP: 26/35 MP: 2/9
  4698 | D:4      | Found a staircase to the Ecumenical Temple.
  4743 | D:4      | Reached XP level 6. HP: 41/41 MP: 4/10
  4823 | Temple   | Entered the Ecumenical Temple
  4836 | Temple   | Became a worshipper of Gozag Ym Sagoz the Greedy
  5078 | D:4      | Noticed Duskembrace's ghost (amateur DEFE)
  5152 | D:4      | Found a shadowy altar of Dithmenos.
  5152 | D:4      | Noticed Edmund
  5583 | D:4      | Learned a level 3 spell: Mephitic Cloud
  5968 | D:3      | HP: 2/41 [Edmund/dire flail of protection (13)]
  6040 | D:3      | Killed Edmund
  6601 | D:3      | Reached skill level 1 in Poison Magic
  6943 | D:5      | Entered Level 5 of the Dungeon
  6948 | D:5      | Reached XP level 7. HP: 46/46 MP: 6/11
  7068 | D:5      | Reached skill level 1 in Air Magic
  7649 | D:5      | Found a sacrificial altar of Ru.
  7652 | D:5      | Found Naxkox's Armour Boutique.
  8357 | D:4      | Noticed Eustachio
  8378 | D:4      | Killed Eustachio
  9167 | D:6      | Reached skill level 5 in Conjurations
  9167 | D:6      | Reached XP level 8. HP: 39/52 MP: 10/12
  9486 | D:6      | Noticed Quirk's ghost (novice MiFi)
  9798 | D:6      | Found a bloodstained altar of Trog.
  9798 | D:6      | Found a white marble altar of Elyvilon.
  9800 | D:6      | Found a hazy altar of Hepliaklqana.
 10819 | D:7      | Noticed a white ugly thing
 10892 | D:7      | Noticed Duvessa
 11117 | D:7      | Noticed Dowan
 11154 | D:7      | Killed Dowan
 11327 | D:7      | Killed Duvessa
 11327 | D:7      | Reached XP level 9. HP: 57/57 MP: 9/14
 11772 | D:7      | Killed a white ugly thing
 12097 | D:7      | Reached skill level 1 in Fighting
 12186 | D:7      | Found a runed door.
 12190 | D:7      | Noticed Crazy Yiuf
 12198 | D:7      | Killed Crazy Yiuf
 13811 | D:8      | Reached skill level 5 in Spellcasting
 13811 | D:8      | Reached XP level 10. HP: 68/68 MP: 11/17
 15147 | D:9      | Found a staircase to the Lair.
 15357 | Lair:1   | Entered Level 1 of the Lair of Beasts
 15426 | D:10     | Entered Level 10 of the Dungeon
 15739 | D:10     | Learned a level 6 spell: Freezing Cloud
 15957 | D:10     | Reached skill level 1 in Ice Magic
 16303 | D:10     | Found a staircase to the Orcish Mines.
 16657 | Orc:1    | Entered Level 1 of the Orcish Mines
 16692 | Orc:1    | Found Rupem's Antique Weapon Shoppe.
 16736 | Orc:1    | Found Xutim's Distillery.
 16776 | Orc:1    | Reached XP level 11. HP: 57/78 MP: 15/20
 16938 | Orc:1    | Found Ruah Meh's Food Shop.
 16992 | Orc:1    | Found Qesicysask's Jewellery Boutique.
 17001 | Orc:1    | Found Asseikh's Food Emporium.
 17309 | Orc:1    | Reached skill level 5 in Dodging
 17377 | Orc:1    | Noticed a stone giant
 17383 | Orc:1    | Reached skill level 5 in Stealth
 17388 | Orc:1    | HP: 2/78 [stone giant/large rock (30)]
 17500 | Orc:1    | Noticed a centaur warrior
 17501 | Orc:2    | Entered Level 2 of the Orcish Mines
 17501 | Orc:2    | Noticed an orc sorcerer
 17513 | Orc:2    | Reached skill level 5 in Fighting
 17534 | Orc:2    | Noticed a soul eater
 17540 | Orc:2    | Killed an orc sorcerer
 17558 | Orc:2    | HP: 2/80 [centaur/arrow (8)]
 17567 | Orc:2    | Shot with an arrow by a centaur

Skill      XL: |  1  2  3  4  5  6  7  8  9 10 11 |
---------------+----------------------------------+-----
Conjurations   | 1 2 3 4 5 6 |  6.0
Translocations | 1 2 3 |  3.0
Summonings     | 1 2 3 4 |  4.1
Fire Magic     | 1 2 3 4 |  4.0
Poison Magic   | 1 2 3 4 |  4.0
Air Magic      | 1 3 4 |  4.0
Spellcasting   | 5 6 |  6.0
Fighting       | 2 4 5 |  5.2
Stealth        | 3 4 5 |  5.2
Dodging        | 2 4 5 |  5.0
Ice Magic      | 2 3 |  3.5

Action                   |  1- 3 |  4- 6 |  7- 9 | 10-12 || total
-------------------------+-------+-------+-------+-------++-------
Melee: Unarmed           |     5 |       |       |       ||     5
       Club              |    31 |    55 |       |       ||    86
       Trident           |       |   123 |       |       ||   123
       Spear             |       |     2 |   406 |   393 ||   801
       Short sword       |       |     1 |       |       ||     1
       Halberd           |       |       |    13 |       ||    13
 Fire: Blowgun           |       |     8 |    15 |     5 ||    28
Throw: Tomahawk          |       |     7 |     3 |       ||    10
 Cast: Magic Dart        |    99 |   156 |   116 |    94 ||   465
       Call Imp          |     1 |     1 |    11 |       ||    13
       Blink             |       |     2 |     3 |       ||     5
       Conjure Flame     |       |    21 |    41 |    26 ||    88
       Mephitic Cloud    |       |       |     3 |    24 ||    27
Invok: Potion Petition   |       |       |       |     1 ||     1
  Use: Scroll            |       |       |     2 |     9 ||    11
 Stab: Distracted        |       |     1 |     1 |       ||     2
       Sleeping          |       |       |     1 |     1 ||     2
       Confused          |       |       |       |    11 ||    11
       Fleeing           |       |       |       |     2 ||     2
Armor: Robe              |    15 |    42 |   142 |    69 ||   268
Dodge: Dodged            |    30 |   123 |   185 |   127 ||   465
